 Dungeon Crawl Stone Soup version 0.23.2-30-g0e89c35649 (webtiles) character file.

Game seed: 17419300323300675584

2 troglodite the Conjurer (level 1, 0/11 HPs)
             Began as an Octopode Conjurer on June 17, 2019.
             Slain by a hobgoblin
             ... wielding a +0 club
              (3 damage)
             ... on level 1 of the Dungeon.
             The game lasted 00:00:34 (166 turns).

troglodite the Conjurer (Octopode Conjurer)          Turns: 166, Time: 00:00:35

Health: 0/11       AC:  1    Str:  7    XL:     1   Next: 40%
Magic:  0/3        EV: 13    Int: 17    God:
Gold:   19         SH:  0    Dex: 12    Spells: 3/4 levels left

rFire    . . .     SeeInvis .   c - +0 dagger
rCold    . . .     Gourm    .   (no shield)
rNeg     . . .     Faith    .   (helmet restricted)
rPois    .         Spirit   .   (no amulet)
rElec    .         Reflect  .   (no ring)
rCorr    .         Harm     .   (no ring)
MR       .....                  (no ring)
Stlth    +++.......             (no ring)
HPRegen  0.03/turn              (no ring)
MPRegen  0.08/turn              (no ring)
                                (no ring)
                                (no ring)

@: no status effects
A: almost no armour, stealthy swim, amphibious, 8 rings, constrict 8, camouflage
1, gelatinous body 1
a: no special abilities


You were on level 1 of the Dungeon.
You were not hungry.

You visited 1 branch of the dungeon, and saw 1 of its levels.

You collected 19 gold pieces.

Inventory:

Hand Weapons
 c - a +0 dagger (weapon)
Scrolls
 a - a scroll of teleportation {unknown}
 e - a scroll of remove curse {unknown}
Comestibles
 b - a ration
 d - 2 chunks of flesh


   Skills:
 + Level 2.0 Dodging
 * Level 2.8 Stealth
 * Level 2.0 Spellcasting
 * Level 4.0 Conjurations


You had 3 spell levels left.
You knew the following spells:

 Your Spells              Type           Power        Failure   Level  Hunger
a - Magic Dart            Conj           ###.         3%          1    #......

Your spell library contained the following spells:

 Spells                   Type           Power        Failure   Level  Hunger
 Searing Ray              Conj           ###...       5%          2    ###....
 Dazzling Spray           Conj/Hex       #.....       26%         3    ###....
 Iskenderun's Mystic Bla  Conj           ###.....     34%         4    #####..
 Force Lance              Conj/Tloc      #.......     63%         4    #####..
 Fulminant Prism          Conj/Hex       #.........   63%         4    #####..


Dungeon Overview and Level Annotations

Branches:
Dungeon (1/15)

Altars:


Innate Abilities, Weirdness & Mutations

You cannot wear most types of armour.
You are very stealthy in the water. (Stealth+)
You are amphibious.
You can wear up to eight rings at the same time.
You can use your tentacles to constrict eight enemies at once.
Your skin changes colour to match your surroundings (Stealth+).
Your rubbery body absorbs attacks. (AC +1, EV +1)


Message History

A bat comes into view.
Casting: Magic Dart (safe; 3% risk of failure)
Confirm with . or Enter, or press ? or * to list all spells.
Aiming: Magic Dart (safe; 3% risk of failure)
Press: ? - help, Shift-Dir - straight line, f/p - hobgoblin
Aim: a hobgoblin, wielding a +0 club (lightly wounded)
The magic dart hits the hobgoblin.
The hobgoblin is heavily wounded.
The hobgoblin barely misses you. The bat closely misses you.
The bat barely misses you. x2
The bat barely misses you. The bat closely misses you.
You hit the bat but do no damage. Your grab misses the bat. The bat misses you.
You closely miss the bat. Your grab misses the bat. The bat barely misses you.
The hobgoblin hits you with a +0 club.
Ouch! That really hurt!
The bat hits you. x2
* * * LOW HITPOINT WARNING * * *
The hobgoblin hits you with a +0 club.
You die...

... #.... . #.. #..
....###.# .####.#
#..##........ .......
###....?....... .......
.%.K...........##########
#######..####.##≈≈≈≈≈≈≈≈.
#..# #≈≈.....≈≈≈
###gK####.#≈..≈≈≈..≈≈
#..b@.....#..≈≈≈≈≈..≈
#.#..####.#.≈≈...≈≈.≈
#.#..# #.+.≈..≈<≈..≈
#.#..# #.+.≈.≈≈...≈≈
#####.#..# #.#.≈..≈≈≈≈≈.
#........# #.#.≈≈..≈≈≈..
#.###.#.#####.#.≈≈≈.....≈
#.# #..........8.≈≈≈≈≈≈≈≈
#.# #.#.#####.#.#########


You could see a hobgoblin, a bat and a kobold.

Vanquished Creatures
  A hobgoblin (D:1)
  A bat (D:1)
  A goblin (D:1)
3 creatures vanquished.

Notes
Turn   | Place    | Note
-------+----------+-------------------------------------------
     0 | D:1      | troglodite the Octopode Conjurer began the quest for the
                  | Orb.
     0 | D:1      | Reached XP level 1. HP: 11/11 MP: 3/3
   166 | D:1      | Slain by a hobgoblin

Action                   || total
-------------------------++-------
Melee: Dagger            ||     2
       Unarmed           ||     1
 Cast: Magic Dart        ||     7
Dodge: Dodged            ||     8
